 Dungeon Crawl Stone Soup version 0.21-a0-151-ga4fe563 (webtiles) character file.

533 AverageBear the Cutter (level 7, -15/40 HPs)
             Began as a Deep Elf Fighter on July 31, 2017.
             Killed by divine providence
             ... invoked by an orc priest
              (16 damage)
             ... on level 4 of the Dungeon.
             The game lasted 00:03:26 (2317 turns).

AverageBear the Cutter (Deep Elf Fighter)           Turns: 2317, Time: 00:03:26

Health: -15/40     AC:  8    Str: 20    XL:     7   Next: 4%
Magic:  9/9        EV: 12    Int: 13    God:
Gold:   173        SH: 10    Dex: 14    Spells: 6/6 levels left

rFire    . . .     SeeInvis .   a - +4 rapier
rCold    . . .     Gourm    .   s - +0 buckler
rNeg     . . .     Faith    .   b - +1 scale mail
rPois    .         Spirit   .   (no helmet)
rElec    .         Reflect  +   v - +0 cloak
rCorr    .         Harm     .   (no gloves)
MR       .....                  (no boots)
Stlth    ..........             h - +6 amulet of reflection
HPRegen  0.13/turn              (no ring)
MPRegen  0.11/turn              (no ring)

@: mighty
A: no striking features
a: no special abilities


You were on level 4 of the Dungeon.
You were full.

You visited 1 branch of the dungeon, and saw 4 of its levels.

You collected 173 gold pieces.

Inventory:

Hand Weapons
 a - a +4 rapier (weapon)
 n - a +0 dagger of electrocution
Armour
 b - a +1 scale mail (worn)
 c - a +0 shield
 s - a +0 buckler (worn)
 v - a +0 cloak (worn)
Jewellery
 h - a +6 amulet of reflection (around neck)
 k - an uncursed amulet of the gourmand
Scrolls
 j - a scroll of identify
 l - 3 scrolls of teleportation
 m - a scroll of immolation
 p - a scroll of noise {unknown}
 t - 2 scrolls of recharging {unknown}
 u - a scroll of blinking {unknown}
 w - a scroll of amnesia {unknown}
Potions
 o - a potion of ambrosia {unknown}
 x - a potion of magic {unknown}
Comestibles
 f - 4 bread rations
 g - a meat ration
 i - 6 chunks of flesh
 r - 4 royal jellies


   Skills:
 - Level 2.4 Fighting
 - Level 6.2 Short Blades
 - Level 2.4 Armour
 + Level 5.1 Dodging
 - Level 2.4 Shields


You had 6 spell levels left.
You didn't know any spells.

Dungeon Overview and Level Annotations

Branches:
Dungeon (4/15)
 Temple: D:4-7

Altars:
Okawaru
The Shining One


Message History

Beogh smites you! The orc priest barely misses you.
You feel very mighty all of a sudden. You block the orc's attack.
The orc priest mumbles some strange prayers to Beogh against you.
Beogh smites you!
* * * LOW HITPOINT WARNING * * *
The orc priest misses you.
You closely miss the orc priest.
The orc priest is severely wounded.
The orc closely misses you. You block the orc priest's attack. x2
You puncture the orc priest!
You kill the orc priest!
Your Dodging skill increases to level 5!
You have reached level 7!
You block the orc's attack.
You puncture the orc priest!
The orc priest is almost dead.
The orc priest mumbles some strange prayers to Beogh against you.
Beogh smites you!
You die...

###############
#......................
#...#..<.....#.........
#...#........+........
##...#........#.......
.....#........#.....#
.+...#........#.....#
.######.......#oo†..#
......#.......#.@...#####
#.....#####...#.(.......#
#.........#####(........#
'.......................#
#.......................#
##+###..................#
'....#..................#
#....#..................#
##...#....##'##..>......#


You could see an orc priest and an orc.

Vanquished Creatures
  Menkaure (D:4)
  An ogre (D:4)
  A centaur (D:4)
  The ghost of Shayle the Skirmisher, a weakling GrMo (D:3)
  An orc priest (D:4)
  A centaur skeleton (D:4)
  An orc wizard (D:4)
  4 adders
  An ooze (D:1)
  An adder skeleton (D:4)
  3 worms
  8 dart slugs
  2 leopard geckos (D:1)
  6 orcs (D:3)
  5 giant cockroaches
  5 goblins
  5 hobgoblins
  6 jackals (D:2)
  5 kobolds
  2 quokkas
  2 ball pythons
  5 bats
  2 frilled lizards
  7 rats
76 creatures vanquished.

Notes
Turn   | Place    | Note
-------+----------+-------------------------------------------
     0 | D:1      | AverageBear the Deep Elf Fighter began the quest for the Orb.
     0 | D:1      | Reached XP level 1. HP: 13/13 MP: 3/3
    38 | D:1      | Reached XP level 2. HP: 18/18 MP: 4/4
   113 | D:1      | Reached skill level 3 in Short Blades
   558 | D:1      | Reached XP level 3. HP: 22/22 MP: 5/5
   987 | D:2      | Reached skill level 4 in Short Blades
  1251 | D:2      | Reached XP level 4. HP: 27/27 MP: 6/6
  1755 | D:3      | Found a faded altar of an unknown god.
  1805 | D:3      | Noticed Shayle's ghost (weakling GrMo)
  1844 | D:3      | Killed Shayle's ghost
  1844 | D:3      | Reached skill level 5 in Short Blades
  1877 | D:3      | Reached XP level 5. HP: 30/31 MP: 7/7
  2055 | D:3      | Found a glowing golden altar of the Shining One.
  2141 | D:4      | Noticed an ogre
  2148 | D:4      | Killed an ogre
  2148 | D:4      | Reached skill level 6 in Short Blades
  2173 | D:4      | Noticed a centaur
  2178 | D:4      | Killed a centaur
  2178 | D:4      | Reached XP level 6. HP: 35/36 MP: 8/8
  2208 | D:4      | Found an iron altar of Okawaru.
  2231 | D:4      | Noticed Menkaure
  2235 | D:4      | Killed Menkaure
  2314 | D:4      | HP: 1/36 [orc priest/divine providence (12)]
  2316 | D:4      | Reached skill level 5 in Dodging
  2316 | D:4      | Reached XP level 7. HP: 1/40 MP: 9/9
  2317 | D:4      | Killed from afar by an orc priest

Vault maps used:
D:1:      dpeg_arrival_shrine
D:2:      first_bread, minmay_item_behind_shaft
D:3:      chequers_ecumenical_altar_simple_redux, nicolae_tso_carved_into_rock
D:4:      lemuel_coloured_pillars_altar, lemuel_doored_altar, serial_shops,
          shop, okawaru_metal_pillars_1_2, uniq_menkaure

Skill      XL: |  1  2  3  4  5  6 |
---------------+-------------------+-----
Short Blades   | 3 4 5 6 |  6.2
Dodging        | 2 5 |  5.1
Fighting       | |  2.4
Armour         | |  2.4
Shields        | |  2.4

Action                   |  1- 3 |  4- 6 |  7- 9 || total
-------------------------+-------+-------+-------++-------
Melee: Rapier            |    69 |    69 |     1 ||   139
       Dagger            |    61 |    66 |       ||   127
  Use: Scroll            |     4 |     6 |       ||    10
       Potion            |     2 |     6 |       ||     8
  Eat: Chunk             |    15 |       |       ||    15
Armor: Scale mail        |    71 |    22 |       ||    93
Dodge: Dodged            |    33 |    24 |       ||    57
Block: Shield            |    61 |       |       ||    61
       Buckler           |     6 |    71 |     1 ||    78
       Reflection        |     2 |     2 |       ||     4
